 Dungeon Crawl Stone Soup version 0.18.1-8-gdd0e5ea (webtiles) character file.

415 Implojin the Insei (level 6, -1/47 HPs)
             Began as a Mummy Monk on May 22, 2016.
             Slain by Grinder (6 damage)
             ... on level 1 of the Dungeon.
             The game lasted 00:16:26 (9477 turns).

Implojin the Insei (Mummy Monk)                     Turns: 9477, Time: 00:16:27

Health: -1/47      AC:  1    Str: 14    XL:     6   Next: 60%
Magic:  15/15      EV: 13    Int: 10    God:
Gold:   188        SH:  0    Dex: 16    Spells: 0 memorised, 5 levels left

rFire  x . .     SeeInvis .       - Unarmed
rCold  + . .     Gourm    .     (no armour)
rNeg   + + +     Faith    .     (no shield)
rPois  ∞         Spirit   .     (no helmet)
rElec  .         Dismiss  .     (no cloak)
rCorr  .         Reflect  .     (no gloves)
SustAt .         Harm     .     c - +0 pair of boots
MR     .....                    (no amulet)
Stlth  ++........               (no ring)
                                f - ring of magical power

@: not resistant to hostile enchantments, unstealthy
A: no food or potions, fire vulnerability, cold resistance 1, negative energy
resistance 3, torment resistance, unbreathing
a: no special abilities


You were on level 1 of the Dungeon.
You were not hungry.

You visited 1 branch of the dungeon, and saw 4 of its levels.

You collected 188 gold pieces.

Inventory:

Armour
 c - a +0 pair of boots (worn)
Jewellery
 f - a ring of magical power (left hand)
Scrolls
 a - 2 scrolls of remove curse
 b - a scroll of teleportation
 d - a scroll of noise
 e - a scroll of amnesia


   Skills:
 - Level 3.0 Fighting
 - Level 2.4 Dodging
 - Level 1.5 Stealth
 * Level 6.7 Unarmed Combat


You had 5 spell levels left.
You didn't know any spells.

Dungeon Overview and Level Annotations

Branches:
Dungeon (4/15)
 Temple: D:4-7

Altars:
Cheibriados

Annotations:
D:1 Grinder
D:3 MfIE ghost, come back, tyvek's ghost, amateur MfIE
D:4 dracfodder's ghost, amateur HaAr


Innate Abilities, Weirdness & Mutations

You do not eat or drink.
Your flesh is vulnerable to fire.
You are immune to poison.
Your flesh is cold resistant.
You are immune to negative energy.
You are immune to unholy pain and torment.
You can survive without breathing.


Message History

There is a stone staircase leading down here.
Grinder says, "I used to sell toenails on the black market."
You hit Grinder but do no damage.
Grinder is lightly wounded.
Grinder hits you.
You hit Grinder but do no damage.
Grinder is lightly wounded.
You punch Grinder!
Grinder is moderately wounded.
Grinder gestures at you.
You are unaffected.
You closely miss Grinder.
Grinder is moderately wounded.
Grinder hits you.
You hit Grinder but do no damage.
Grinder is moderately wounded.
Grinder gestures at you.
You suddenly lose the ability to move!
Grinder hits you.
Grinder blinks!
Grinder gestures at you. You resist with some effort. Grinder hits you!
* * * LOW HITPOINT WARNING * * *
Grinder hits you!
* * * LOW HITPOINT WARNING * * *
You can move again.
Unknown command.
You hit Grinder.
Grinder is heavily wounded.
Grinder gestures at you.
You are unaffected.
You hit Grinder.
Grinder is heavily wounded.
Grinder hits you!
* * * LOW HITPOINT WARNING * * *
You hit Grinder.
Grinder is heavily wounded.
Grinder hits you.
You die...

####.### #.#.#.#.#.#..#
#......# #.#.#.#.#.#..#
##.#.#(# #.#.#.#.#.#..#
#.#.#.# #.#.#.#.#.#..#
#.#.#.# #.#.#.#.#.#####
#.#.#.# #.#.#.#.#.....#
#.#.#.#####.#.#.#.#####.####
#.#.#.......................
#.#.#######@5...............
#.#.............#.#####.####
#.########..#####.# #.#
#.########........#####.#
#.......................#
##########.####.........#
#..............#
###########.........#
#..........§........#


You could see Grinder.

Vanquished Creatures
  A phantom (D:2)
  A centaur (D:3)
  A hound (D:4)
  Ijyb (D:2)
  An iguana (D:4)
  A worker ant (D:4)
  A hound skeleton (D:3)
  6 adders
  A worm (D:2)
  3 dart slugs
  2 giant geckos (D:2)
  An orc (D:3)
  2 ball pythons
  7 giant cockroaches
  13 goblins
  6 hobgoblins (D:1)
  A quokka (D:2)
  12 bats
  5 giant newts
  9 kobolds
  5 rats
80 creatures vanquished.

Notes
Turn   | Place    | Note
--------------------------------------------------------------
     0 | D:1      | Implojin the Mummy Monk began the quest for the Orb.
     0 | D:1      | Reached XP level 1. HP: 18/18 MP: 1/1
   599 | D:1      | Reached XP level 2. HP: 22/24 MP: 2/2
  1034 | D:1      | Reached skill level 4 in Unarmed Combat
  1372 | D:1      | Reached XP level 3. HP: 29/29 MP: 3/3
  2572 | D:2      | Noticed Ijyb
  2587 | D:2      | Killed Ijyb
  2587 | D:2      | Reached XP level 4. HP: 16/35 MP: 4/4
  2800 | D:2      | Found a snail-covered altar of Cheibriados.
  3155 | D:3      | Noticed Grinder
  3328 | D:3      | Noticed tyvek's ghost (amateur MfIE)
  3429 | D:2      | Paralysed by Grinder for 5 turns
  3660 | D:2      | Paralysed by Grinder for 2 turns
  4197 | D:2      | Paralysed by Grinder for 3 turns
  4204 | D:2      | Paralysed by Grinder for 6 turns
  4638 | D:3      | Reached skill level 5 in Unarmed Combat
  4740 | D:3      | Noticed a phantom
  5061 | D:3      | Noticed a centaur
  5415 | D:4      | Reached XP level 5. HP: 12/41 MP: 5/5
  5971 | D:4      | Noticed dracfodder's ghost (amateur HaAr)
  7380 | D:2      | Killed a phantom
  7380 | D:2      | Reached skill level 6 in Unarmed Combat
  7380 | D:2      | Reached XP level 6. HP: 15/47 MP: 6/6
  9069 | D:1      | Paralysed by Grinder for 5 turns
  9467 | D:1      | Paralysed by Grinder for 7 turns
  9477 | D:1      | Slain by Grinder

Skill      XL: |  1  2  3  4  5 |
---------------+----------------+-----
Unarmed Combat | 4 5 6 |  6.7
Fighting       | |  3.0
Dodging        | |  2.4
Stealth        | |  1.5

Action                   |  1- 3 |  4- 6 || total
-------------------------+-------+-------++-------
Melee: Unarmed           |   141 |   343 ||   484
       Punch             |     1 |     6 ||     7
  Use: Scroll            |       |     5 ||     5
 Stab: Sleeping          |     5 |     3 ||     8
Armor: Skin              |       |    16 ||    16
Dodge: Dodged            |    77 |   184 ||   261

Table legend:
 A = Turns spent in this place as a percentage of turns spent in the entire game.
 B = Non-inter-level travel turns spent in this place as a percentage of non-inter-level travel turns spent in the entire game.
 C = Inter-level travel turns spent in this place as a percentage of turns spent in this place.
 D = Turns resting spent in this place as a percentage of non-inter-level travel turns spent in this place.
 E = Turns spent auto-exploring this place as a percentage of non-inter-level travel turns spent in this place.
 F = Non-inter-level travel turns spent in this place divided by the number of levels of this place that you've seen.
                   A       B       C       D       E      F
               +-------+-------+-------+-------+-------+----------------------
         Total | 100.0 | 100.0 |   0.8 |   6.1 |   4.6 | 505.8
       Dungeon | 100.0 | 100.0 |   0.8 |   6.1 |   4.6 | 505.8
               +-------+-------+-------+-------+-------+----------------------

Table legend:
 A = Kills in this place as a percentage of kills in entire the game.
 B = Kills by you in this place as a percentage of kills by you in the entire game.
 C = Kills by friends in this place as a percentage of kills by friends in the entire game.
 D = Other kills in this place as a percentage of other kills in the entire game.
 E = Experience gained in this place as a percentage of experience gained in the entire game.
 F = Experience gained in this place divided by the number of levels of this place that you have seen.
                   A       B       C       D       E      F
               +-------+-------+-------+-------+-------+----------------------
         Total | 100.0 | 100.0 |  -nan |  -nan | 100.0 | 148.2
       Dungeon | 100.0 | 100.0 |  -nan |  -nan | 100.0 | 148.2
               +-------+-------+-------+-------+-------+----------------------
